Get step-by-step instructions on how to execute this build order below. Start the game timer, and the build order will tick by so you can play in parallel with StarCraft on a second screen or mobile device.

Game Time

  0:00

Last Step

  N/A

Next Step

Upcoming Step



Don't want to look back and forth between 2 screens? Try out our Overwolf App, the Spawning Tool Build Advisor to get an in-game overlay with this build!

Complete Build Order

  12  0:01  Probe  
  13  0:13  Probe  
  14  0:19  Pylon  
  14  0:25  Probe  
  15  0:40  Gateway, Probe  
  16  0:46  Assimilator  
  16  0:52  Probe  
  17  1:04  Probe  
  18  1:15  Pylon  
  18  1:16  Probe  
  18  1:18  Assimilator  
  19  1:28  Probe  
  19  1:30  Cybernetics Core  
  22  1:32  Zealot  
  22  1:41  Probe  
  23  1:48  Pylon  
  23  1:53  Probe  
  24  1:57  Stalker  
  26  2:11  Warp Gate  
  26  2:12  Probe  
  27  2:18  Gateway  
  27  2:20  Stalker  
  27  2:21  Gateway  
  29  2:40  Stalker  
  31  2:54  Probe  
  32  3:06  Pylon  
  32  3:08  Stalker  
  32  3:09  Stalker  
  36  3:17  Stalker  
  38  3:27  Twilight Council  
  38  3:36  Pylon  
  38  3:39  Stalker  
  40  3:42  Stalker  
  42  3:50  Stalker  
  44  4:09  Stalker  
  45  4:12  Stalker  
  47  4:23  Blink  
  47  4:27  Probe  
  48  4:32  Pylon  
  48  4:49  Stalker x2  
  48  4:50  Stalker  
  54  5:14  Probe  
  51  5:47  Stalker  
  51  5:48  Stalker  
  51  5:49  Stalker  
  57  5:57  Gateway  
  57  5:58  Gateway  
  57  6:00  Gateway  
  57  6:02  Pylon  
  57  6:29  Stalker  
  57  6:30  Stalker x2